 Dungeon Crawl Stone Soup version 0.29-a0-241-g20d21d4356 (webtiles) character file.

Game seed: 12379896413570806703

667 Ordine the Slasher (level 7, 0/66 HPs)
             Began as a Tengu Warper on Mar 4, 2022.
             Succumbed to a killer bee's poison
             ... on level 5 of the Dungeon.
             The game lasted 00:09:59 (4445 turns).

Ordine the Slasher (Tengu Warper)                   Turns: 4445, Time: 00:09:59

Health: 0/66       AC:  6    Str: 12    XL:     7   Next: 57%
Magic:  11/11      EV: 14    Int: 13    God:
Gold:   5          SH:  0    Dex: 15    Spells: 8/10 levels left

rFire   . . .      SeeInvis +   a - +0 falchion
rCold   . . .      Faith    .   (no shield)
rNeg    . . .      Spirit   .   g - +3 leather armour
rPois   .          Reflect  .   (helmet restricted)
rElec   .          Harm     .   (no cloak)
rCorr   .          Rampage  .   (no gloves)
Will    .....                   (boots unavailable)
Stlth   ..........              (no amulet)
HPRegen 0.21/turn               n - ring of see invisible
MPRegen 0.12/turn               (no ring)

@: berserking, lethally poisoned (0 -> -5), flying quickly and evasively,
hasted, invisible, very quick
A: beak, talons 3, nimble flight
a: no special abilities


You were on level 5 of the Dungeon.
You visited 1 branch of the dungeon, and saw 5 of its levels.

You collected 295 gold pieces.
You spent 290 gold pieces at shops.

Inventory:

Hand Weapons
 a - a +0 falchion (weapon)
Missiles
 d - 5 boomerangs of dispersal
 m - 9 poisoned darts
 s - 2 silver boomerangs
Armour
 g - a +3 leather armour (worn)
Jewellery
 b - a ring of ice
 n - a ring of see invisible (left hand)
Scrolls
 c - 3 scrolls of blinking
 e - a scroll of enchant weapon {unknown}
 f - a scroll of summoning {unknown}
 k - a scroll of fear {unknown}
 o - 3 scrolls of identify {unknown}
 p - a scroll of enchant armour {unknown}
Potions
 j - 4 potions of mutation
 l - 4 potions of attraction


   Skills:
 + Level 4.3 Fighting
 * Level 6.6 Long Blades
 + Level 3.9 Throwing
 - Level 1.1 Armour
 - Level 2.1 Dodging
 - Level 2.0 Spellcasting
 - Level 2.4 Translocations


You had 8 spell levels left.
You knew the following spells:

 Your Spells              Type           Power      Damage    Failure   Level
a - Blink                 Tloc           14%        N/A       19%         2

Your spell library contained the following spells:

 Spells                   Type           Power      Damage    Failure   Level
 Summon Small Mammal      Summ           4%         N/A       32%         1
 Gell's Gravitas          Tloc           7%         N/A       36%         3
 Lesser Beckoning         Tloc           7%         N/A       36%         3
 Teleport Other           Tloc           7%         N/A       36%         3
 Corpse Rot               Necr/Air       2%         N/A       43%         2
 Call Canine Familiar     Summ           1%         N/A       67%         3
 Summon Guardian Golem    Hex/Summ       1%         N/A       67%         3
 Animate Dead             Necr           0%         N/A       97%         4
 Dispel Undead            Necr           1%         3d6       97%         4
 Manifold Assault         Tloc           7%         N/A       98%         5
 Borgnjor's Vile Clutch   Necr/Erth      0%         N/A       100%        5
 Death Channel            Necr           0%         N/A       100%        6


Dungeon Overview and Level Annotations

Branches:
Dungeon (5/15)
 Temple: D:4-7

Altars:
Fedhas
Gozag
Hepliaklqana
Makhleb
Trog
Uskayaw
Yredelemnul

Shops:
D:4 !


Innate Abilities, Weirdness & Mutations

You have a beak for a mouth.
You have claws for feet.
Your magical nature lets you fly swiftly and evasively.


Message History

You miss the killer bee. Your kick misses the killer bee.
Your peck misses the killer bee.
The killer bee is severely wounded.
The killer bee stings you but does no damage.
You miss the killer bee. You claw the killer bee.
You kill the killer bee!
You barely miss the killer bee. Your kick misses the killer bee.
The killer bee stings you but does no damage.
You barely miss the killer bee. Your peck misses the killer bee.
The killer bee stings you!
You are poisoned.
The killer bee poisons you!
You miss the killer bee.
You feel sick. The killer bee misses you. The killer bee stings you.
* * * LOW HITPOINT WARNING * * *
You feel better. The killer bee barely misses you.
You closely miss the killer bee. You claw the killer bee!
The killer bee is heavily wounded.
The killer bee stings you.
* * * LOW HITPOINT WARNING * * *
You are lethally poisoned!
The killer bee poisons you!
You barely miss the killer bee. Your kick misses the killer bee.
Your peck misses the killer bee.
The killer bee is heavily wounded.
* * * LOW HITPOINT WARNING * * *
You feel sick. The killer bee closely misses you.
It was a potion of invisibility.
You fade into invisibility!
* * * LOW HITPOINT WARNING * * *
You feel sick. The killer bee stings you.
* * * LOW HITPOINT WARNING * * *
A red film seems to cover your vision as you go berserk!
You feel yourself moving faster!
You feel mighty!
* * * LOW HITPOINT WARNING * * *
You feel sick. The killer bee barely misses you.
The killer bee closely misses you.
You miss the killer bee. Your kick misses the killer bee.
The killer bee is heavily wounded.
You die...

#.#.....#####..#.#####
#.....................
#.........####...#####
+.........+.......#
#.........####...##
##.......## ##...
##.....## ####.
##...## .# ##@## # #y#
#y# #.# ... ... ...
.....


You could see 2 killer bees.

Vanquished Creatures
  A black bear (D:4)
  A phantom (D:1)
  4 killer bees (D:5)
  A hound (D:3)
  Jessica (D:2)
  2 iguanas
  3 orc wizards
  6 adders
  A worm (D:2)
  A dart slug (D:3)
  10 orcs
  4 bats
  5 endoplasms
  2 giant cockroaches
  6 hobgoblins
  8 jackals (D:1)
  2 quokkas
  6 ball pythons
  2 frilled lizards (D:1)
  6 goblins
  8 kobolds
  8 rats
88 creatures vanquished.

Notes
Turn   | Place    | Note
-------+----------+-------------------------------------------
     0 | D:1      | Ordine the Tengu Warper began the quest for the Orb.
     0 | D:1      | Reached XP level 1. HP: 12/12 MP: 4/4
     2 | D:1      | Noticed a formicid
     4 | D:1      | Noticed a merfolk
     4 | D:1      | Noticed a vampire
     6 | D:1      | Noticed a tengu
     8 | D:1      | Noticed a naga
     8 | D:1      | Noticed an ogre
    10 | D:1      | Noticed a troll
    12 | D:1      | Noticed an octopode
    12 | D:1      | Noticed a minotaur
    16 | D:1      | Noticed a ghoul
    16 | D:1      | Noticed a human
    18 | D:1      | Noticed a demigod
    18 | D:1      | Noticed a dwarf
    20 | D:1      | Noticed a draconian
    20 | D:1      | Noticed an elf
    22 | D:1      | Noticed a felid
    22 | D:1      | Noticed a demonspawn
    24 | D:1      | Noticed a spriggan
    24 | D:1      | Noticed a gargoyle
    26 | D:1      | Noticed a vine stalker
   192 | D:1      | Reached XP level 2. HP: 6/17 MP: 6/6
   870 | D:1      | Reached skill level 3 in Long Blades
  1032 | D:1      | Reached XP level 3. HP: 19/22 MP: 7/7
  1610 | D:2      | Noticed a phantom
  1620 | D:2      | HP: 1/22 [phantom (2)]
  1927 | D:1      | Killed a phantom
  1928 | D:1      | Reached skill level 4 in Long Blades
  1928 | D:1      | Reached XP level 4. HP: 3/27 MP: 8/8
  2250 | D:2      | Gained mutation: Your magical nature lets you fly swiftly
                  | and evasively. [Tengu growth]
  2250 | D:2      | Reached XP level 5. HP: 32/32 MP: 9/9
  2268 | D:2      | Found a faded altar of an unknown god.
  2474 | D:2      | Noticed Jessica
  2482 | D:2      | Killed Jessica
  3289 | D:3      | Reached skill level 5 in Long Blades
  3289 | D:3      | Reached XP level 6. HP: 33/37 MP: 10/10
  3456 | D:4      | Found an opulent altar of Gozag.
  3646 | D:4      | Noticed a black bear
  3656 | D:4      | Killed a black bear
  3850 | D:4      | Found Takes's Distillery.
  3858 | D:4      | Bought a potion of haste for 100 gold pieces
  3858 | D:4      | Bought a potion of berserk rage for 50 gold pieces
  3858 | D:4      | Bought a potion of mutation for 80 gold pieces
  3858 | D:4      | Bought a potion of attraction for 30 gold pieces
  3858 | D:4      | Bought a potion of flight for 30 gold pieces
  4011 | D:4      | Found a blossoming altar of Fedhas.
  4016 | D:4      | Found a bloodstained altar of Trog.
  4020 | D:4      | Learned a level 2 spell: Blink
  4027 | D:4      | Found a basalt altar of Yredelemnul.
  4027 | D:4      | Found a burning altar of Makhleb.
  4036 | D:4      | Reached XP level 7. HP: 38/42 MP: 11/11
  4066 | D:4      | Found a hazy altar of Hepliaklqana.
  4178 | D:4      | Found a hide-covered altar of Uskayaw.
  4217 | D:5      | Entered Level 5 of the Dungeon
  4238 | D:5      | Reached skill level 6 in Long Blades
  4443 | D:5      | HP: 2/44 [killer bee (6)]
  4445 | D:5      | Succumbed to a killer bee's poison

Illustrated notes

Levels and vault maps discovered:
D:1:      kb_arrival_jail, layout_basic, minmay_octomino_j4
D:2:      layout_loops_cross, ebering_ecumenical_altar_sacrificial,
          nrook_mini_vaults, uniq_jessica
D:3:      layout_rooms, minmay_puff
D:4:      layout_rooms, nicolae_overflow_hallway_of_the_gods,
          nicolae_uskayaw_suspiria, grunt_gozag_breadcrumbs, serial_shops,
          nicolae_shop_stone
D:5:      layout_loops_corners

Skill      XL: |  1  2  3  4  5  6  7 |
---------------+----------------------+-----
Long Blades    | 3 4 5 6 |  6.6
Throwing       | 2 3 |  3.9
Fighting       | 3 4 |  4.3
Armour         | |  1.1
Dodging        | |  2.1
Spellcasting   | |  2.0
Translocations | |  2.4

Action                   |  1- 3 |  4- 6 |  7- 9 || total
-------------------------+-------+-------+-------++-------
Melee: Falchion          |    85 |   129 |    60 ||   274
       Kick              |    21 |    33 |    13 ||    67
       Peck              |     6 |    13 |     7 ||    26
       Punch             |     2 |       |       ||     2
  Use: Potion            |       |       |     6 ||     6
 Stab: Sleeping          |     2 |       |       ||     2
Armor: Leather armour    |    18 |    43 |    14 ||    75
Dodge: Dodged            |    47 |    91 |    52 ||   190

Table legend: (Time is in decaauts)
 A = Elapsed time spent in this place.
 B = Non-inter-level travel time spent in this place.
 C = Inter-level travel time spent in this place.
 D = Time resting spent in this place.
 E = Time spent auto-exploring this place.
 F = Levels seen in this place.
 G = Mean time per level.
                   A        B        C        D        E       F      G
               +--------+--------+--------+--------+--------+-----+--------+
         Total |   4322 |   4196 |    126 |    319 |   3134 |   5 |  864.4 |
       Dungeon |   4322 |   4196 |    126 |    319 |   3134 |   5 |  864.4 |
               +--------+--------+--------+--------+--------+-----+--------+

Top non-repeatable levels by time:
     D:1: 1923 daAuts
     D:2: 800 daAuts
     D:4: 724 daAuts
     D:3: 660 daAuts
     D:5: 213 daAuts
